 Dungeon Crawl Stone Soup version 0.18.1-5-g4a78601 (webtiles) character file.

2734 dcss12345 the Fighter (level 9, -29/88 (89) HPs)
             Began as a Minotaur Berserker on May 12, 2016.
             Was an Elder of Trog.
             Annihilated by a white ugly thing (30 damage)
             ... on level 7 of the Dungeon.
             The game lasted 00:56:35 (8281 turns).

dcss12345 the Fighter (Minotaur Berserker)          Turns: 8281, Time: 00:56:36

HP:   -29/88 (89)   AC: 12    Str: 25    XL:     9   Next: 40%
MP:   8/8           EV:  4    Int:  4    God:    Trog [****..]
Gold: 168           SH:  0    Dex: 10    Spells: 0 memorised, 8 levels left

rFire  . . .     SeeInvis .     a - +1 hand axe
rCold  . . .     Gourm    .     E - +0 chain mail
rNeg   . . .     Faith    .     (no shield)
rPois  .         Spirit   .     (helmet restricted)
rElec  .         Dismiss  .     (no cloak)
rCorr  .         Reflect  .     F - +0 pair of gloves
SustAt .         Harm     .     s - +0 pair of boots
MR     .....                    (no amulet)
Stlth  ..........               (no ring)
                                (no ring)

@: not resistant to hostile enchantments, extremely unstealthy
A: retaliatory headbutt, horns 2
a: Berserk, Trog's Hand, Brothers in Arms, Burn Spellbooks, Renounce Religion


You were on level 7 of the Dungeon.
You worshipped Trog.
Trog was greatly pleased with you.
You were not hungry.

You visited 1 branch of the dungeon, and saw 7 of its levels.

You collected 285 gold pieces.
You spent 117 gold pieces at shops.

Inventory:

Hand Weapons
 a - a +1 hand axe (weapon)
 e - a +0 club
 i - a +0 hand axe
Armour
 b - a +0 animal skin
 f - a +1 leather armour
 m - a +0 robe
 q - a +1 scale mail
 s - a +0 pair of boots (worn)
 E - a +0 chain mail (worn)
 F - a +0 pair of gloves (worn)
Jewellery
 x - the ring "Xiacor" {*Tele rN+ MP+9, unknown}
   (You took it off a gnoll on level 4 of the Dungeon)

   [ring of teleportation]

   It may teleport you next to monsters.
   It protects you from negative energy.
   It affects your magic capacity (+9).
Wands
 h - a wand of paralysis (7/24)
 j - a wand of confusion (26/48)
 u - a wand of digging (19/24)
 w - a wand of disintegration (7/24)
Scrolls
 d - a scroll of amnesia
 g - 3 scrolls of magic mapping
 k - a scroll of blinking {unknown}
 l - a scroll of enchant weapon
 t - a scroll of fear
 y - 3 scrolls of remove curse
 B - 2 scrolls of identify
 H - a scroll of teleportation
 L - a scroll of immolation {unknown}
Potions
 r - a potion of degeneration
 v - a potion of flight {unknown}
 z - a potion of magic {unknown}
 C - a potion of invisibility {unknown}
 D - a potion of heal wounds
 G - a potion of resistance {unknown}
 J - a potion of ambrosia {unknown}
Books
 c - a book of the Tempests

   Spells                             Type                      Level
   a - Static Discharge               Conjuration/Air              3
   b - Lightning Bolt                 Conjuration/Air              5
   c - Fireball                       Conjuration/Fire             5
   d - Tornado                        Air                          9
   e - Shatter                        Earth                        9
   Trog disapproves of the use of such an item.
Comestibles
 n - 2 bread rations
 o - a slice of pizza
 p - 2 meat rations
 A - 2 beef jerkies
 I - 4 fruits
 K - 6 chunks of flesh


   Skills:
 - Level 11.0 Fighting
 - Level 11.0 Axes
 + Level 4.8 Armour
 - Level 2.2 Dodging


You had 8 spell levels left.
You didn't know any spells.

Dungeon Overview and Level Annotations

Branches:
Dungeon (7/15)             Temple (0/1) D:5

Altars:
Elyvilon
Okawaru
Sif Muna
The Shining One

Shops:
D:5 !


Innate Abilities, Weirdness & Mutations

You reflexively headbutt those who attack you in melee.
You have a pair of horns on your head.


Message History

You slash the crimson imp!
You kill the crimson imp!
Trog accepts your kill.
You closely miss the white ugly thing.
Your headbutt misses the white ugly thing.
The white ugly thing kicks you. The white ugly thing freezes you!!
You hit the white ugly thing.
The white ugly thing is lightly wounded.
The white ugly thing closely misses you.
You hit the white ugly thing.
You headbutt the white ugly thing, but do no damage.
The white ugly thing is lightly wounded.
You closely miss the white ugly thing.
The white ugly thing is lightly wounded.
The white ugly thing kicks you! The white ugly thing freezes you!!
* * * LOW HITPOINT WARNING * * *
The white ugly thing kicks you!
* * * LOW HITPOINT WARNING * * *
The white ugly thing freezes you!!
You die...

### #.. #
#.# .#
#.###..
#....
#..# #@.#
#u......#
##.##.#.#
.# # ..
###


You could see a white ugly thing.

Vanquished Creatures
  Edmund (D:4)
  Duvessa (D:4)
  A black bear (D:6)
  A phantom (D:6)
  3 ice beasts
  A sky beast (D:6)
  2 ogres (D:4)
  A necrophage (D:5)
  An orc warrior (D:6)
  A centaur (D:6)
  2 giant frogs (D:6)
  Dowan (D:4)
  A scorpion (D:5)
  A howler monkey (D:5)
  3 crimson imps
  6 hounds
  3 orc wizards
  5 orc priests
  A giant frog skeleton (D:6)
  A gnoll shaman (D:4)
  A jelly (D:5)
  2 worker ants
  6 adders
  42 gnolls
  An ooze (D:2)
  2 worms (D:2)
  3 dart slugs
  8 giant geckos
  10 orcs
  3 giant cockroaches
  7 goblins
  6 hobgoblins
  17 jackals
  2 quokkas
  2 ball pythons
  10 bats
  5 giant newts
  7 kobolds
  6 rats
  A plant (D:4)
178 creatures vanquished.

Notes
Turn   | Place    | Note
--------------------------------------------------------------
     0 | D:1      | dcss12345 the Minotaur Berserker began the quest for the Orb.
     0 | D:1      | Reached XP level 1. HP: 19/19 MP: 0/0
   517 | D:1      | Reached XP level 2. HP: 10/27 MP: 1/1
  1765 | D:2      | Reached XP level 3. HP: 34/34 MP: 2/2
  1984 | D:2      | Reached skill level 5 in Fighting
  2063 | D:2      | Reached XP level 4. HP: 42/42 MP: 3/3
  2138 | D:2      | Reached ** piety under Trog
  2413 | D:2      | Reached skill level 5 in Axes
  2784 | D:3      | Reached XP level 5. HP: 50/50 MP: 4/4
  3115 | D:3      | Found a deep blue altar of Sif Muna.
  3440 | D:4      | Reached *** piety under Trog
  3503 | D:4      | Reached XP level 6. HP: 55/58 MP: 5/5
  3565 | D:4      | Noticed Duvessa
  3569 | D:4      | Noticed Dowan
  3569 | D:4      | Killed Duvessa
  3578 | D:4      | Killed Dowan
  3998 | D:4      | Reached XP level 7. HP: 54/66 MP: 6/6
  4051 | D:4      | Noticed Edmund
  4080 | D:4      | HP: 4/102 [Edmund/dire flail (11)]
  4083 | D:4      | Killed Edmund
  4445 | D:4      | Reached **** piety under Trog
  4561 | D:4      | Reached XP level 8. HP: 29/77 MP: 7/7
  5043 | D:4      | Got a crude glass ring
  5492 | D:5      | Entered Level 5 of the Dungeon
  5623 | D:5      | Found a staircase to the Ecumenical Temple.
  5912 | D:5      | Reached skill level 10 in Fighting
  6167 | D:5      | Found a glowing golden altar of the Shining One.
  6168 | D:5      | Found a white marble altar of Elyvilon.
  6414 | D:5      | Found Zoaxtu's Distillery.
  6417 | D:5      | Bought a potion of heal wounds for 65 gold pieces
  6417 | D:5      | Bought a potion of might for 52 gold pieces
  6591 | D:5      | Reached skill level 10 in Axes
  6834 | D:6      | Found an iron altar of Okawaru.
  6979 | D:6      | Received a gift from Trog
  7071 | D:6      | Reached XP level 9. HP: 64/85 MP: 8/8
  8274 | D:7      | Noticed a white ugly thing
  8281 | D:7      | HP: 1/88 [white ugly thing (11)]
  8281 | D:7      | Annihilated by a white ugly thing

Skill      XL: |  1  2  3  4  5  6  7  8  9 |
---------------+----------------------------+-----
Axes           | 4 5 6 7 8 10 11 | 11.0
Fighting       | 4 5 6 7 8 10 11 | 11.0
Armour         | 4 |  4.8
Dodging        | |  2.2

Action                   |  1- 3 |  4- 6 |  7- 9 || total
-------------------------+-------+-------+-------++-------
Melee: Hand axe          |    88 |   132 |   355 ||   575
       Headbutt          |     6 |    27 |    64 ||    97
Invok: Berserk           |     3 |     3 |     6 ||    12
  Use: Scroll            |       |    10 |       ||    10
       Potion            |       |     2 |     2 ||     4
  Eat: Chunk             |     2 |     6 |     9 ||    17
       Bread ration      |     1 |       |     1 ||     2
       Meat ration       |       |     1 |     1 ||     2
Armor: Animal skin       |     6 |       |       ||     6
       Leather armour    |    26 |    19 |       ||    45
       Scale mail        |       |    28 |    51 ||    79
       Chain mail        |       |       |    58 ||    58
Dodge: Dodged            |    73 |    61 |   117 ||   251
